[Event "GER-ch Youth-ODJM 2022 A"]
[Site "Willingen"]
[Date "2022.06.11"]
[Round "9.20"]
[White "Paeslack, Luis"]
[Black "Herter, Arne"]
[Result "1/2-1/2"]
[ECO "E92"]
[WhiteElo "1889"]
[BlackElo "1943"]
[Annotator "TA"]
[PlyCount "73"]
[EventDate "2022.06.05"]
[EventType "swiss"]
[EventRounds "9"]
[EventCountry "GER"]
[SourceTitle "playchess.com"]
[Source "ChessBase"]
[SourceQuality "1"]
[TimeControl "40/4500+30:900+30"]

1. d4 Nf6 2. c4 g6 3. Nc3 Bg7 4. e4 d6 5. Nf3 O-O 6. Be2 e5 7. dxe5 dxe5 8. O-O ({But not} 8. Nxe5 Qxd1+ 9. Bxd1 {[#]} Nxe4 $1 10. Nxe4 Bxe5 $15) 8... Be6 {[%emt 0:05:50] E92: King's Indian: Classical: 6 Be2 e5: 7 dxe5, 7 Be3 and Petrosian System without 7...Nbd7.} 9. Qxd8 Rxd8 10. Bg5 Nbd7 11. Nd5 Bxd5 {[%emt 0:07:01] [#]} 12. cxd5 $146 ({Predecessor:} 12. exd5 h6 13. Be3 b5 14. Rac1 bxc4 15. Bxc4 e4 16. Nd4 Nb6 17. Nc6 Rd7 18. Rfd1 Re8 19. b3 Nfxd5 20. Bxd5 Nxd5 {½-½ (20) Hoeppenstein,M-Schmidt,J GER email 2008}) 12... h6 $1 13. Bxf6 Nxf6 14. Rac1 Nxe4 15. Rxc7 Nd6 16. Nd2 Rac8 17. Rfc1 Kf8 18. Bd3 f5 19. f3 {[%emt 0:00:40] Prevents e4.} Bf6 20. Kf2 Rxc7 (20... Rb8 $15) 21. Rxc7 $11 Rc8 22. Rxc8+ Nxc8 {[%emt 0:00:07][%mdl 4096] Endgame KBN-KBN} 23. Nc4 Ke7 24. g4 fxg4 25. fxg4 g5 26. Ke3 b5 27. Nd2 Nb6 28. Ke4 {[%emt 0:00:48] White is more active.} (28. Bxb5 $14 Nxd5+ 29. Ke4) 28... a6 29. Nf1 Bg7 (29... Na4 $11) 30. Ne3 (30. Ng3 $5 Nd7 31. Kf5 $14 (31. Nf5+ Kf6 $14)) 30... Na4 {[%emt 0:00:59] [#] aiming for ...Nc5+.} 31. Nf5+ Kf6 32. Nxg7 Nc5+ 33. Ke3 Kxg7 34. b4 Nb7 35. a4 $2 (35. Bc2 $11 {and White is okay.}) 35... Nd6 $2 (35... bxa4 $19 {...a3 is the strong threat.} 36. Kd2 Nd6 37. Bxa6 e4) 36. axb5 axb5 37. h3 {[%emt 0:00:27] Weighted Error Value: White=0.29 (precise) /Black=0.21 (precise)} 1/2-1/2

[Event "GER-ch Youth-ODJM 2022 A"]
[Site "Willingen"]
[Date "2022.06.11"]
[Round "9.21"]
[White "Jenner, Meikel"]
[Black "Sabirov, Rafael"]
[Result "0-1"]
[ECO "B21"]
[WhiteElo "1981"]
[BlackElo "1704"]
[Annotator "TA"]
[PlyCount "88"]
[EventDate "2022.06.05"]
[EventType "swiss"]
[EventRounds "9"]
[EventCountry "GER"]
[SourceTitle "playchess.com"]
[Source "ChessBase"]
[SourceQuality "1"]
[TimeControl "40/4500+30:900+30"]

1. e4 c5 2. d4 cxd4 3. c3 Nf6 4. e5 Nd5 5. Qxd4 e6 6. Nf3 Nc6 7. Qe4 d6 8. Bb5 Bd7 9. O-O {[%emt 0:00:00] B22: Sicilian: 2 c3.} (9. c4 $11 Nb6 10. exd6 Bxd6 11. Bg5) 9... dxe5 {[%emt 0:06:19] [#]} (9... Nxe5 $15 10. Bxd7+ Nxd7) 10. Bxc6 $146 ({Predecessor:} 10. c4 Nf6 11. Qh4 Nd4 12. Nxd4 exd4 13. Qxd4 Bxb5 14. Qxd8+ Rxd8 15. cxb5 Bc5 16. Nc3 h6 {0-1 (33) Pozuelo Yuen,F (1821)-Romero Alfonso,C (1883) Madrid 2010}) 10... Bxc6 11. Nxe5 {[%emt 0:00:37] The position is equal.} Nf6 12. Nxc6 Nxe4 $15 13. Nxd8 Rxd8 ({Don't play} 13... Kxd8 14. Re1 Nf6 15. Nd2 $11) 14. Be3 Bc5 15. Bxc5 Nxc5 16. Na3 Na4 17. Rfd1 (17. Rab1 $11 {remains equal.}) 17... Ke7 ({Much less strong is} 17... Nxb2 18. Rxd8+ Kxd8 19. Rb1 $14) 18. Kf1 {[%emt 0:00:30] Black converts the advantage convincingly.} (18. Nc4 $15) 18... Nxb2 $17 19. Rxd8 Rxd8 {[%emt 0:00:11][%mdl 4096] Endgame KRN-KRN} ({Don't do} 19... Kxd8 20. Rb1 Na4 21. Rxb7 $16) 20. Ke2 Na4 21. Rc1 e5 22. Nc4 Ke6 23. Ne3 Rd6 24. Rc2 f5 25. f3 Rb6 26. Nc4 Rc6 27. Kd3 Nc5+ 28. Ke3 b5 29. Nd2 (29. Na5 f4+ 30. Ke2) (29. Na5 $142 Rc7 30. c4) 29... Na4 $19 30. Kd3 Nb6 31. Rb2 a6 32. Rb3 h6 33. g3 Na4 {[%emt 0:02:11] [#] Strongly threatening ...Nc5+.} 34. Ra3 Kd5 35. h3 Nc5+ 36. Ke3 g5 37. Ra5 Re6 38. g4 (38. Ke2 $142) 38... f4+ 39. Ke2 Kc6 40. Nb3 Kb6 {[%emt 0:03:11] [#] Hoping for ...Nxb3.} 41. Ra3 (41. Nxc5 $142 Kxc5 42. Kd3) 41... e4 {[%emt 0:16:11] ...exf3+ is the strong threat. Black is clearly winning.} 42. Nd4 (42. Nxc5 $142 Kxc5 43. Ke1) 42... exf3+ 43. Kxf3 Re3+ 44. Kg2 b4 {[%emt 0:00:44] Weighted Error Value: White=0.54/Black=0.11 (very precise)} 0-1

[Event "GER-ch Youth-ODJM 2022 A"]
[Site "Willingen"]
[Date "2022.06.11"]
[Round "9.22"]
[White "Bartelt, Max Peter"]
[Black "Schulz, Jannis"]
[Result "1/2-1/2"]
[ECO "D02"]
[WhiteElo "1959"]
[BlackElo "1810"]
[Annotator "TA"]
[PlyCount "149"]
[EventDate "2022.06.05"]
[EventType "swiss"]
[EventRounds "9"]
[EventCountry "GER"]
[SourceTitle "playchess.com"]
[Source "ChessBase"]
[SourceQuality "1"]
[TimeControl "40/4500+30:900+30"]

1. d4 d5 2. Nf3 Nf6 3. g3 e6 4. Bg2 c5 5. O-O Nc6 6. c4 dxc4 7. Qa4 Bd7 8. Qxc4 cxd4 9. Nxd4 Rc8 10. Nc3 Be7 11. Rd1 {[%emt 0:00:28] E04: Open Catalan: 5 Nf3.} Qb6 12. Nb3 {[%emt 0:12:22] [#]} a6 $146 (12... O-O $14) ({Predecessor:} 12... Ne5 13. Qd4 Qxd4 14. Rxd4 Bc6 15. e4 Rd8 16. Rxd8+ Bxd8 17. Be3 a6 18. Rd1 Nc4 {½-½ (49) Andriyashenko,V (2093)-Matveev,A (2081) Konakovo 2012}) 13. Be3 $16 {[%emt 0:00:46] White is better.} Qb4 (13... Qd8 $14) 14. Qxb4 {[%emt 0:03:33] 0x0.002a998abda5dp-1022s more active pieces.} Bxb4 15. Bg5 (15. Na4 $16) 15... Bxc3 $14 16. bxc3 Nd8 17. Na5 b6 18. Nb7 Nxb7 19. Bxb7 Rxc3 20. Bxa6 Ra3 21. Bc4 {[%emt 0:02:08] This bishop pair is nice.} Ke7 (21... Rc3 $14 22. Rac1 Rxc1 23. Bxc1 (23. Rxc1 O-O $14) 23... O-O) 22. e4 (22. Bd2 $1 $16 {[%cal Rd2b4] Strongly threatening Bb4+.} Ra4 23. Bb3) 22... h6 23. Bc1 Ra7 24. e5 Ne4 25. f3 Rc8 26. Rd4 Nc5 ({Don't do} 26... Ra4 27. Rxd7+ Kxd7 28. Bb5+ Kd8 29. fxe4 (29. Bxa4 Nc3 $16) 29... Rxe4 30. Bb2 $18) 27. Rb1 {[%emt 0:01:43] Prevents b5.} Na4 28. Ba3+ Ke8 29. Bb4 b5 {[%emt 0:02:23] [#]} 30. Rxd7 $1 Kxd7 31. Bxb5+ Kc7 32. Bd6+ (32. f4 $11) 32... Kd8 $17 33. Rb3 Nc3 34. Bd3 (34. a3 $17) 34... Nd5 $2 ({Not} 34... Nxa2 35. Rb2 $17) (34... Rxa2 $19 {and Black stays clearly on top. White must now prevent ...Ne2+.} 35. Ra3 Ne2+ 36. Kf2 Rxa3 37. Bxa3 Nxg3 $1 38. Kxg3 Rc3) 35. a3 g6 (35... h5 $17) 36. Kg2 (36. f4 $11 {remains equal.}) 36... h5 ({Black should try} 36... Ne3+ $1 $17 37. Kf2 Nc4 38. Bxc4 Rxc4) 37. Kh3 Rc3 38. Rb8+ Rc8 {[%emt 0:00:04] Threatens to win with ...Rxb8.} 39. Rb3 Ne7 40. g4 hxg4+ 41. fxg4 Ke8 (41... g5 $17) 42. Kh4 $11 Kf8 43. Kg5 (43. a4 $5) 43... Kg7 44. h4 Ng8 45. Rb6 Rd8 46. Bb5 Ne7 47. a4 $1 Nd5 48. Rc6 Rh8 $1 49. Bc5 Rc7 50. Rxc7 Nxc7 {[%emt 0:00:03][%mdl 4096] Endgame KRN-KB} 51. Be7 Ra8 52. Bf6+ $2 (52. h5 $11) 52... Kg8 $1 $19 53. Bc6 Ra6 54. Bd7 Nd5 $1 55. h5 {[%emt 0:00:48] [#]} gxh5 56. gxh5 {[%emt 0:00:09] [#]} Ra7 (56... Nc3 $1 $17 57. Kh6 Nxa4) 57. Bb5 (57. Bc6 $1 $11) 57... Ne3 (57... Nc3 $17 58. Bd3 Rxa4) 58. Bd8 {[%emt 0:01:20] And now Bb6 would win.} Ra8 59. Be7 Rc8 (59... Nd5 $5 60. Bd6 Nc3 $15) 60. h6 Rc1 61. a5 Rg1+ 62. Kh5 Nf5 63. Bc5 Rc1 64. Bb6 Ra1 65. a6 {[%emt 0:01:42][%mdl 1024] aiming for Bc5. White has compensation.} Ne7 66. Bd8 (66. Bc5 $16 Nc8 67. Bd4) 66... Ng6 67. Bd3 $2 (67. Kg5 $11) 67... Rd1 $2 (67... Nf4+ $19 68. Kg5 Nxd3) 68. a7 {[%emt 0:00:31] The position is equal.} Ra1 69. Bxg6 fxg6+ 70. Kxg6 {[%emt 0:00:05] Threatening mate with h7+.} Rxa7 $11 {[%emt 0:00:08] KR-KB} 71. Bf6 Rh7 72. Bg5 Rf7 73. Be3 Rf3 74. Bc5 Rf7 75. Bd6 {[%emt 0:01:15] Weighted Error Value: White=0.28 (precise) /Black=0.26 (precise)} 1/2-1/2